 Dungeon Crawl Stone Soup version 0.30.0-5-g1a98f26d00 (webtiles) character file.

Game seed: 10634772970933183549

9 Edyrem the Vexing (level 2, -2/16 HPs)
             Began as a Deep Elf Hexslinger on May 12, 2023.
             Slain by a quokka (4 damage)
             ... on level 1 of the Dungeon.
             The game lasted 00:03:03 (371 turns).

Edyrem the Vexing (Deep Elf Hexslinger)              Turns: 371, Time: 00:03:04

Health: -2/16      AC:  2    Str:  7    XL:     2   Next: 6%
Magic:  7/7        EV: 12    Int: 17    God:
Gold:   55         SH:  0    Dex: 15    Spells: 4/5 levels left

rFire   . . .        b - +1 whip (flame)
rCold   . . .        (no shield)
rNeg    . . .        c - +0 robe
rPois   .            (no helmet)
rElec   .            (no cloak)
rCorr   .            (no gloves)
SInv    .            (no boots)
Will    .....        (no amulet)
Stlth   +            (no ring)
HPRegen 0.22/turn    (no ring)
MPRegen 0.10/turn

%: no passive effects
@: no status effects
A: no striking features
a: no special abilities


You were on level 1 of the Dungeon.
You visited 1 branch of the dungeon, and saw 1 of its levels.

You collected 55 gold pieces.

Inventory:

Hand Weapons
 a - a +1 sling
 b - a +1 whip of flaming (weapon)
 h - a +0 dagger
Armour
 c - a +0 robe (worn)
Scrolls
 d - a scroll of noise {unknown}
 e - a scroll of poison
 g - a scroll of identify {unknown}
 i - a scroll of immolation {unknown}
Potions
 f - a potion of curing {unknown}


   Skills:
 * Level 1.1 Fighting
 - Level 2.6 Ranged Weapons
 - Level 2.6 Dodging
 + Level 2.0 Spellcasting
 + Level 4.2 Hexes


You had 4 spell levels left.
You knew the following spells:

 Your Spells              Type           Power      Damage    Failure   Level
a - Slow                  Hex            64%        N/A       3%          1

Your spell library contained the following spells:

 Spells                   Type           Power      Damage    Failure   Level
 Inner Flame              Hex/Fire       8%         N/A       24%         3
 Portal Projectile        Hex/Tloc       16%        N/A       24%         3
 Cause Fear               Hex            8%         N/A       34%         4
 Call Canine Familiar     Summ           1%         N/A       50%         3
 Leda's Liquefaction      Hex/Erth       4%         N/A       63%         4


Dungeon Overview and Level Annotations

Branches:
Dungeon (1/15)

Altars:


Message History

The quokka is almost dead.
You closely miss the quokka.
The quokka is almost dead.
The quokka bites you.
You miss the quokka.
The quokka is almost dead.
The quokka closely misses you.
You closely miss the quokka.
The quokka is almost dead.
The quokka bites you.
You barely miss the quokka.
The quokka is almost dead.
The quokka bites you but does no damage.
You barely miss the quokka.
The quokka is almost dead.
The quokka bites you.
* * * LOW HITPOINT WARNING * * *
You closely miss the quokka.
The quokka is almost dead.
The quokka bites you.
* * * LOW HITPOINT WARNING * * *
You miss the quokka.
The quokka is almost dead.
The quokka barely misses you.
You barely miss the quokka.
The quokka is almost dead.
The quokka is no longer moving slowly.
You hit the quokka but do no damage.
The quokka is almost dead.
The quokka barely misses you. The quokka misses you.
You hit the quokka but do no damage.
The quokka is almost dead.
The quokka closely misses you.
You hit the quokka but do no damage.
The quokka is almost dead.
The quokka closely misses you.
You barely miss the quokka.
The quokka is almost dead.
The quokka closely misses you. The quokka bites you.
You die...

.........#.......##......#
.................##......#
.....................†...#
..########...###.........# .
####+###†....#####
#........#######
#..............####+##
#####.......r......##.8.8.#
#....)...##.@......##.....#
#.........###########.....#
#.......#.## #.8.8.#
#+###.......#..### #.....#
............#....# ##.....###
....#.......#.##.# +..8.8..'.
....#...[...#.##.#####
##.....###
....#.......#.##.....# #8.....8#
....#########)######.###...<...#


You could see a quokka.

Vanquished Creatures
  A goblin (D:1)
  3 hobgoblins (D:1)
  3 kobolds (D:1)
  A ball python (D:1)
  A bat (D:1)
9 creatures vanquished.

Notes
Turn   | Place    | Note
-------+----------+-------------------------------------------
     0 | D:1      | Edyrem the Deep Elf Hexslinger began the quest for the Orb.
     0 | D:1      | Reached XP level 1. HP: 11/11 MP: 5/5
   164 | D:1      | Reached skill level 1 in Fighting
   250 | D:1      | Reached XP level 2. HP: 12/16 MP: 6/6
   371 | D:1      | Slain by a quokka

Illustrated notes

Levels and vault maps discovered:
D:1:      elethiomel_arrival_quiet, layout_basic, minmay_misc_feat_five,
          chequers_serial_rivers_small_3

Skill      XL: |  1  2 |
---------------+-------+-----
Fighting       | 1 |  1.1
Spellcasting   | 2 |  2.0
Ranged Weapons | |  2.6
Dodging        | |  2.6
Hexes          | |  4.2

Action                     || total
---------------------------++-------
  Melee: Whip              ||    20
   Fire: Sling             ||    32
   Cast: Slow              ||     7
 Armour: Robe              ||     3
  Dodge: Dodged            ||    14
